 Dungeon Crawl Stone Soup version 0.21-a0-509-gecc5317 (webtiles) character file.

51 BingusPrime the Insei (level 3, 0/23 HPs)
             Began as an Octopode Transmuter on Nov 29, 2017.
             Succumbed to an adder's poison
             ... on level 2 of the Dungeon.
             The game lasted 00:07:58 (1221 turns).

BingusPrime the Insei (Octopode Transmuter)         Turns: 1221, Time: 00:07:58

Health: 0/23       AC:  2    Str:  9    XL:     3   Next: 81%
Magic:  2/6        EV: 20    Int: 15    God:
Gold:   34         SH:  0    Dex: 18    Spells: 2/6 levels left

rFire    . . .     SeeInvis .     - Unarmed
rCold    . . .     Gourm    .   (shield currently unavailable)
rNeg     . . .     Faith    .   (helmet currently unavailable)
rPois    .         Spirit   .   (no amulet)
rElec    .         Reflect  .   i - ring of poison resistance
rCorr    .         Harm     .   (no ring)
MR       .....                  (no ring)
Stlth    ++........             (no ring)
HPRegen  0.07/turn              (no ring)
MPRegen  0.10/turn              (no ring)
                                (no ring)
                                (no ring)

@: lethally poisoned (0 -> -3), spider-form (expiring)
A: tiny, almost no armour, stealthy swim, (amphibious), 8 rings, (constrict 8)
a: End Transformation


You were on level 2 of the Dungeon.
You were not hungry.
You were a venomous arachnid creature.
You visited 1 branch of the dungeon, and saw 2 of its levels.

You collected 34 gold pieces.

Inventory:

Hand Weapons
 g - a +0 whip
 j - a +0 dagger
 o - a +2 short sword of electrocution (melded)
Missiles
 a - 12 arrows
 p - 60 stones (quivered)
Jewellery
 i - a ring of poison resistance (left front leg)
Scrolls
 k - a scroll of fog
 m - a scroll of teleportation
Potions
 d - a potion of heal wounds
 e - a potion of berserk rage {unknown}
 h - a potion of degeneration {unknown}
 l - 3 potions of cancellation {unknown}
 n - a potion of agility {unknown}
Books
 b - a book of Changes

   Spells                             Type                      Level
   a - Beastly Appendage              Transmutation                1
   b - Sticks to Snakes               Transmutation                2
   c - Spider Form                    Transmutation/Poison         3
   d - Ice Form                       Ice/Transmutation            4
   e - Blade Hands                    Transmutation                5
Comestibles
 c - 2 bread rations
 f - a meat ration
 q - 2 chunks of flesh


   Skills:
 + Level 1.1 Fighting
 + Level 0.1 Short Blades
 + Level 0.9 Maces & Flails
 + Level 2.1 Dodging
 + Level 1.1 Stealth
 + Level 3.4 Unarmed Combat
 + Level 2.4 Spellcasting
 + Level 2.4 Transmutations
 + Level 0.2 Poison Magic


You had 2 spell levels left.
You knew the following spells:

 Your Spells              Type           Power        Failure   Level  Hunger
a - Beastly Appendage     Tmut           #.....       21%         1    #......
b - Spider Form           Tmut/Pois      #.........   58%         3    ###....


Dungeon Overview and Level Annotations

Branches:
Dungeon (2/15)

Altars:


Innate Abilities, Weirdness & Mutations

You cannot wear most types of armour.
You are very stealthy in the water. (Stealth+)
((You are amphibious.))
You can wear up to eight rings at the same time.
((You can use your tentacles to constrict eight enemies at once.))
((Your skin changes colour to match your surroundings (Stealth+).))
((Your rubbery body absorbs attacks. (AC +1, EV +1)))


Message History

Found a short sword.
Your transformation has ended.
Your +2 short sword of electrocution unmelds from your body.
You hear the crackle of electricity.
You kill the goblin!
An adder comes into view.
You feel sick.
As you read the scroll of fog, it crumbles to dust.
The scroll dissolves into smoke.
Casting: Spider Form
Confirm with . or Enter, or press ? or * to list all spells.
You turn into a venomous arachnid creature.
Your +2 short sword of electrocution melds into your body.
Your +2 short sword of electrocution stops crackling.
Your transformation is almost over.
You hit the worm.
The worm is poisoned.
The worm is moderately wounded.
The worm bites you.
* * * LOW HITPOINT WARNING * * *
You die...

........#....#####.......#..
........#....# #.......#.#
........#....# #)......#..
.......(##########.......##.
.................†.......# .
.........)......(.######.# .
..................# #.#
########§§§.......# ..
#§§ws......# ###
#§§§§........ #§§§§§........
#§§§§........( #..........)
#........... ...........#
....######### ..S..


You could see a worm.

Vanquished Creatures
  2 adders (D:2)
  A leopard gecko (D:2)
  4 giant cockroaches
  A goblin (D:2)
  7 hobgoblins
  6 bats (D:1)
  4 kobolds (D:1)
  7 rats
32 creatures vanquished.

Notes
Turn   | Place    | Note
-------+----------+-------------------------------------------
     0 | D:1      | BingusPrime the Octopode Transmuter began the quest for the Orb.
     0 | D:1      | Reached XP level 1. HP: 13/13 MP: 3/3
    90 | D:1      | Reached XP level 2. HP: 11/18 MP: 5/5
   930 | D:1      | Reached XP level 3. HP: 23/23 MP: 6/6
   935 | D:1      | Learned a level 3 spell: Spider Form
  1210 | D:2      | Reached skill level 1 in Stealth
  1220 | D:2      | HP: 1/23 [worm (5)]
  1221 | D:2      | Succumbed to an adder's poison

Vault maps used:
D:1:      dpeg_arrival_boxorama
D:2:      lemuel_round_altar, chequers_ecumenical_altar_simple

Skill      XL: |  1  2  3 |
---------------+----------+-----
Stealth        | 1 |  1.1
Fighting       | |  1.1
Short Blades   | |  0.1
Maces & Flails | |  0.9
Dodging        | |  2.1
Unarmed Combat | |  3.4
Spellcasting   | |  2.4
Transmutations | |  2.4
Poison Magic   | |  0.2

Action                   || total
-------------------------++-------
Melee: Whip              ||    43
       Unarmed           ||    17
       Constrict         ||    16
       Kick              ||    10
       Short sword       ||     8
       Tentacles         ||     3
       Dagger            ||     1
       Punch             ||     1
 Cast: Beastly Appendage ||    12
       Spider Form       ||     6
  Use: Scroll            ||     7
 Stab: Sleeping          ||     7
  Eat: Chunk             ||     2
Armor: Skin              ||    11
Dodge: Dodged            ||    65

Table legend:
 A = Spawn XP
 B = Non-spawn XP
 C = Spawn XP percentage of total XP
 D = Spawn monster count
 E = Non-spawn monster count
 F = Spawn count percentage of total count
 G = Total turns spent on level
                    A         B        C        D         E        F      G
               +---------+---------+-------+---------+---------+-------+---------
         Total |       0 |      73 |   0.0 |       0 |      32 |   0.0 |  1221
               +---------+---------+-------+---------+---------+-------+---------
           D:1 |       0 |      37 |   0.0 |       0 |      25 |   0.0 |  1117
           D:2 |       0 |      36 |   0.0 |       0 |       7 |   0.0 |   104
               +---------+---------+-------+---------+---------+-------+---------
